 Dungeon Crawl Stone Soup version 0.28-a0-674-gdaf460b524 (webtiles) character file.

Game seed: 2155635963625048605

4905 jasper the Basher (level 10, -1/109 HPs)
             Began as a Demonspawn Cinder Acolyte on Oct 17, 2021.
             Was a Follower of Ignis.
             Slain by a manticore (9 damage)
             ... on level 8 of the Dungeon.
             The game lasted 00:17:52 (8661 turns).

jasper the Basher (Demonspawn Cinder Acolyte)       Turns: 8661, Time: 00:17:53

Health: -1/109     AC: 25    Str: 17    XL:     10   Next: 27%
Magic:  11/11      EV:  2    Int: 16    God:    Ignis [*.....]
Gold:   250        SH:  4    Dex:  9    Spells: 11/11 levels left

rFire   + . .      SeeInvis .   L - +0 whip (elec)
rCold   . . .      Faith    .   m - +0 buckler
rNeg    . . .      Spirit   .   (armour currently unavailable)
rPois   +          Reflect  .   (helmet currently unavailable)
rElec   .          Harm     .   (cloak currently unavailable)
rCorr   .          Rampage  .   (gloves currently unavailable)
Will    .....      NoTele   +   (boots currently unavailable)
Stlth   +.........              g - amulet of regeneration
HPRegen 1.28/turn               (no ring)
MPRegen 0.12/turn               (no ring)

@: brilliant, tree-form
A: stationary, stasis, torment immunity, boosted hp, (sharp scales 2), (demonic
touch 1)
a: Renounce Religion, Sea of Fire, Foxfire Swarm


You were on level 8 of the Dungeon.
You worshipped Ignis.
Ignis was aware of your devotion.
You were a tree.
You visited 1 branch of the dungeon, and saw 8 of its levels.

You collected 397 gold pieces.
You spent 147 gold pieces at shops.

Inventory:

Hand Weapons
 a - a +0 mace of flaming
 o - a +0 flail
 t - a +0 flail of protection
 L - a +0 whip of electrocution (weapon)
Missiles
 c - 227 stones
 h - a throwing net
 n - a boomerang (quivered)
 w - 6 javelins
Armour
 b - a +0 robe
 d - a +1 helmet (melded)
 f - a +0 leather armour
 l - a +0 chain mail
 m - a +0 buckler (worn)
 q - a +0 scale mail (melded)
 s - a +0 plate armour
 D - a +0 kite shield
Jewellery
 g - an amulet of regeneration (around neck)
 i - a ring of ice
 r - an amulet of magic regeneration
 H - a +6 ring of strength
 M - an amulet of guardian spirit
Wands
 y - a wand of digging (4)
Scrolls
 e - 3 scrolls of teleportation
 k - a scroll of enchant armour
 u - a scroll of enchant weapon
 x - 3 scrolls of fog
 F - a scroll of blinking {unknown}
 G - a scroll of amnesia
 I - 2 scrolls of identify
 K - a scroll of magic mapping {unknown}
Potions
 j - 3 potions of flight
 p - a potion of magic
 v - a potion of brilliance
 z - a potion of haste {unknown}
 B - 2 potions of lignification
 C - a potion of cancellation {unknown}
 E - 2 potions of mutation {unknown}


   Skills:
 + Level 4.7 Fighting
 - Level 12.0 Maces & Flails
 + Level 3.1 Armour
 + Level 3.1 Dodging
 * Level 4.6 Shields
 - Level 1.0 Spellcasting
 - Level 2.6 Fire Magic


You had 11 spell levels left.
You didn't know any spells.
Your spell library contained the following spells:

 Spells                   Type           Power      Damage    Failure   Level
 Scorch                   Fire           28%        2d6       12%         2
 Ensorcelled Hibernation  Hex/Ice        2%         N/A       34%         2
 Tukima's Dance           Hex            1%         N/A       56%         3
 Alistair's Intoxication  Tmut/Pois      0%         N/A       99%         5
 Borgnjor's Vile Clutch   Necr/Erth      0%         N/A       99%         5
 Eringya's Noxious Bog    Tmut/Pois      0%         N/A       100%        6


Dungeon Overview and Level Annotations

Branches:
Dungeon (8/15)             Temple (0/1) D:6            Lair (0/6) D:8

Altars:
Cheibriados
Dithmenos
Hepliaklqana
Kikubaaqudgha
Nemelex Xobeh
Okawaru
Trog
Vehumet

Shops:
D:2 [   D:5 !

Annotations:
D:4 1 runed translucent door, pokeman's ghost, amateur DEWz
D:6 exclusion: statue
D:7 2 transporters, 2 runed translucent doors, siradein's ghost, amateur DsVM


Innate Abilities, Weirdness & Mutations

You are a tree.
Your roots penetrate the ground, keeping you stationary.
You cannot be teleported.
You are immune to unholy pain and torment.
Your maximum health is greatly increased.
Your equipment is partially melded.
((You are mostly covered in razor-sharp scales. (AC +2, Slay +2)))
((Your touch may inflict minor irresistible damage on your foes.))


Message History

The manticore is moderately wounded.
The manticore bites you. The manticore claws you!
* * * LOW HITPOINT WARNING * * *
The manticore claws you but does no damage.
You take 15 damage, and have 19/73 hp.
MASSIVE DAMAGE!!
It was a potion of brilliance.
You feel clever all of a sudden. The manticore barely misses you.
The manticore claws you!
* * * LOW HITPOINT WARNING * * *
The manticore claws you.
* * * LOW HITPOINT WARNING * * *
You take 12 damage, and have 7/73 hp.
Okay, then.
It was a potion of lignification.
You turn into a tree.
Your +1 helmet melds into your body.
Your +0 scale mail melds into your body.
Your roots penetrate the ground.
The manticore bites you but does no damage.
The manticore claws you but does no damage.
The manticore claws you.
* * * LOW HITPOINT WARNING * * *
You now have 10/109 hp.
You closely miss the manticore.
The manticore is moderately wounded.
You hit the manticore but do no damage.
The manticore is moderately wounded.
You carefully extract the barbed spikes from your body.
The manticore bites you.
* * * LOW HITPOINT WARNING * * *
The manticore claws you but does no damage. x2
You take 2 damage, and have 9/109 hp.
You hit the manticore but do no damage.
Lightning courses through the manticore!!
The manticore is severely wounded.
You completely miss the manticore.
The manticore is severely wounded.
The manticore bites you.
* * * LOW HITPOINT WARNING * * *
The manticore claws you!
You die...

### ###.###
##.....##
####.......####
#.............# #
#......♣..# .##
#......H..## ....
...........##.....
#......##.........
#......#<.........
#.....##..........
##....#.......##..
......#.......# .
......#.......#


You could see a manticore.

Vanquished Creatures
  Pikel (D:4)
  Maurice (D:8)
  Grinder (D:6)
  Sigmund (D:4)
  A wyvern (D:7)
  2 steam dragons
  Menkaure (D:7)
  A water moccasin (D:6)
  Purgy (D:4)
  A black bear (D:4)
  2 sky beasts
  2 ice beasts
  A necrophage (D:5)
  An orc warrior (D:7)
  2 ogres (D:4)
  A centaur (D:7)
  A phantom (D:6)
  Blork the orc (D:4)
  4 bullfrogs
  A kobold brigand (D:6)
  A gnoll sergeant (D:6)
  A wyvern zombie (D:5)
  A scorpion (D:4)
  A water moccasin zombie (D:6)
  5 killer bees (D:7)
  5 wights (D:7)
  2 howler monkeys
  A centaur zombie (D:6)
  4 jellies
  3 bullfrog skeletons
  3 orc priests
  A gnoll shaman (D:5)
  A hound (D:6)
  2 iguanas
  Ijyb (D:5)
  A scorpion zombie (D:5)
  2 orc wizards (D:7)
  5 adders
  20 gnolls
  A howler monkey skeleton (D:4)
  An ufetubus (D:5)
  A worm (D:4)
  2 dart slugs
  16 orcs
  2 bats (D:2)
  10 endoplasms
  5 giant cockroaches
  12 goblins
  8 hobgoblins
  8 jackals
  6 quokkas
  7 ball pythons
  2 frilled lizards
  7 kobolds
  8 rats
183 creatures vanquished.

Vanquished Creatures (others)
  A white imp (D:6)
  159 foxfires
  2 withered plants (D:4)
162 creatures vanquished.

Grand Total: 345 creatures vanquished

Notes
Turn   | Place    | Note
-------+----------+-------------------------------------------
     0 | D:1      | jasper the Demonspawn Cinder Acolyte began the quest for
                  | the Orb.
     0 | D:1      | Reached XP level 1. HP: 18/18 MP: 2/2
    66 | D:1      | Reached skill level 3 in Maces & Flails
   376 | D:1      | Gained mutation: Your touch may inflict minor irresistible
                  | damage on your foes. [demonic ancestry]
   376 | D:1      | Reached XP level 2. HP: 21/24 MP: 3/3
   681 | D:1      | Gained mutation: You are partially covered in razor-sharp
                  | scales. (AC +1, Slay +1) [demonic ancestry]
   681 | D:1      | Reached XP level 3. HP: 29/29 MP: 4/4
  1037 | D:1      | Reached skill level 4 in Maces & Flails
  1318 | D:2      | Reached XP level 4. HP: 27/35 MP: 5/5
  1591 | D:2      | Reached skill level 5 in Maces & Flails
  1659 | D:2      | Found Xeqoch's Antique Armour Boutique.
  1673 | D:2      | Bought a buckler for 108 gold pieces
  2254 | D:3      | Found a snail-covered altar of Cheibriados.
  2587 | D:3      | Reached XP level 5. HP: 41/41 MP: 6/6
  2612 | D:3      | Found an iron altar of Okawaru.
  2620 | D:3      | Found a sparkling altar of Nemelex Xobeh.
  2829 | D:3      | Found a shadowy altar of Dithmenos.
  3072 | D:3      | Found a faded altar of an unknown god.
  3232 | D:4      | Noticed Purgy
  3334 | D:4      | Noticed Blork the orc
  3341 | D:4      | Killed Blork the orc
  3342 | D:4      | Reached skill level 6 in Maces & Flails
  3342 | D:4      | Reached XP level 6. HP: 26/47 MP: 7/7
  3380 | D:4      | Killed Purgy
  3531 | D:4      | Reached skill level 7 in Maces & Flails
  3719 | D:4      | Noticed Sigmund
  3853 | D:4      | Found a runed translucent door.
  3866 | D:4      | Reached XP level 7. HP: 52/52 MP: 8/8
  3867 | D:4      | Killed Sigmund
  3868 | D:4      | Reached skill level 8 in Maces & Flails
  4018 | D:4      | Noticed Pikel
  4069 | D:5      | Entered Level 5 of the Dungeon
  4072 | D:5      | Found Qedynoju's Distillery.
  4080 | D:5      | Bought a potion of curing for 39 gold pieces
  4148 | D:5      | Reached skill level 9 in Maces & Flails
  4148 | D:5      | Reached XP level 8. HP: 37/58 MP: 9/9
  4418 | D:5      | Found an ancient bone altar of Kikubaaqudgha.
  4610 | D:5      | Noticed Ijyb
  4627 | D:5      | Killed Ijyb
  4862 | D:6      | Reached skill level 10 in Maces & Flails
  5141 | D:6      | Noticed Grinder
  5280 | D:6      | Reached skill level 11 in Maces & Flails
  5418 | D:6      | Killed Grinder
  5419 | D:6      | Gained mutation: You are mostly covered in razor-sharp
                  | scales. (AC +2, Slay +2) [demonic ancestry]
  5419 | D:6      | Reached XP level 9. HP: 63/63 MP: 10/10
  5614 | D:6      | Found a staircase to the Ecumenical Temple.
  5827 | D:6      | Found a radiant altar of Vehumet.
  6525 | D:7      | Reached skill level 12 in Maces & Flails
  6569 | D:7      | Reached skill level 1 in Shields
  6679 | D:7      | Reached skill level 1 in Armour
  6679 | D:7      | Reached skill level 1 in Dodging
  6681 | D:7      | Found a transporter.
  6742 | D:7      | Found a transporter.
  6742 | D:7      | Noticed siradein's ghost (amateur DsVM)
  6764 | D:7      | Noticed Menkaure
  6769 | D:7      | Killed Menkaure
  6859 | D:7      | Found a runed translucent door.
  6873 | D:7      | Found a runed translucent door.
  7184 | D:7      | Found a bloodstained altar of Trog.
  7328 | D:4      | Noticed pokeman's ghost (amateur DEWz)
  7650 | D:4      | Killed Pikel
  7651 | D:4      | Reached XP level 10. HP: 50/72 MP: 11/11
  7852 | D:8      | Found a hazy altar of Hepliaklqana.
  7904 | D:8      | Noticed Maurice
  7910 | D:8      | Killed Maurice
  8073 | D:8      | Found a staircase to the Lair.
  8430 | D:8      | Noticed a manticore
  8661 | D:8      | Slain by a manticore

Illustrated notes

Levels and vault maps discovered:
D:1:      lemuel_arrival_behind_the_door_small, layout_loops_ring, st_stairs_13
D:2:      minmay_wonky_spiral, layout_basic, serial_shops,
          nicolae_lakefront_shop, kennysheep_generic_room_10
D:3:      layout_basic, mainiacjoe_overflow_concentric_impassable, minitemple,
          cheibriados_altar_2, hellmonk_ecumenical_altar_leap_of_faith
D:4:      layout_basic, gammafunk_ghost_grave, uniq_blork_the_orc, uniq_pikel,
          uniq_purgy, uniq_sigmund
D:5:      layout_basic, general_overflow_altar, serial_shops,
          nicolae_shop_statue_plus, uniq_ijyb
D:6:      layout_rooms, vehumet_statue, lemuel_temple_firewalk_b, uniq_grinder
D:7:      lemuel_insect_pit, layout_rooms, kennysheep_little_box,
          gammafunk_ghost_arena, uniq_menkaure
D:8:      layout_cave_pools, mainiacjoe_overflow_chevrons, lair_entry_dummy,
          uniq_maurice

Skill      XL: |  1  2  3  4  5  6  7  8  9 10 |
---------------+-------------------------------+-----
Maces & Flails | 3 4 5 6 7 9 11 12 | 12.0
Shields        | 3 4 |  4.6
Armour         | 2 3 |  3.1
Dodging        | 2 3 |  3.1
Fighting       | 4 |  4.7
Spellcasting   | |  1.0
Fire Magic     | |  2.6

Action                   |  1- 3 |  4- 6 |  7- 9 | 10-12 || total
-------------------------+-------+-------+-------+-------++-------
Melee: Mace              |   107 |    94 |    82 |       ||   283
       Touch             |    11 |     6 |       |       ||    17
       Flail             |       |       |   347 |       ||   347
       Whip              |       |       |       |    66 ||    66
Throw: Stone             |    26 |     8 |       |       ||    34
       Boomerang         |       |    49 |    58 |    28 ||   135
Invok: Foxfire Swarm     |     2 |     8 |       |       ||    10
Evoke: Wand              |       |       |    16 |    11 ||    27
  Use: Scroll            |     2 |     6 |     2 |       ||    10
       Potion            |       |       |     2 |     3 ||     5
Armor: Leather armour    |    14 |       |       |       ||    14
       Robe              |     1 |       |       |       ||     1
       Chain mail        |    41 |    68 |       |       ||   109
       Scale mail        |       |     6 |   228 |    25 ||   259
       Skin              |       |       |       |     4 ||     4
Dodge: Dodged            |    61 |    22 |   194 |    19 ||   296
Block: Buckler           |       |    11 |    42 |     7 ||    60

Table legend: (Time is in decaauts)
 A = Elapsed time spent in this place.
 B = Non-inter-level travel time spent in this place.
 C = Inter-level travel time spent in this place.
 D = Time resting spent in this place.
 E = Time spent auto-exploring this place.
 F = Levels seen in this place.
 G = Mean time per level.
                   A        B        C        D        E       F      G
               +--------+--------+--------+--------+--------+-----+--------+
         Total |   8722 |   8166 |    556 |   2239 |   3930 |   8 | 1090.2 |
       Dungeon |   8722 |   8166 |    556 |   2239 |   3930 |   8 | 1090.2 |
               +--------+--------+--------+--------+--------+-----+--------+

Top non-repeatable levels by time:
     D:7: 1681 daAuts
     D:3: 1493 daAuts
     D:6: 1234 daAuts
     D:4: 1193 daAuts
     D:1: 1186 daAuts
     D:5: 873 daAuts
     D:2: 790 daAuts
     D:8: 269 daAuts
